Map: Terrasses de Prion

Players

Alves

  • Race: Terran Terran
  • League: Diamond

Worming - Winner!

  • Race: Zerg Zerg
  • League: Diamond

VOD

Have the link to the VOD?

Description

Time

  • Played on: Dec. 11, 2015, 8:12 a.m.
  • Length: 11:40
Show
View Real Time Build Order
Export as new Build Order

Alves Terran 

Build Orders: Reaper Expand, MMM Bio 

Get SALT Encoding   

  12  0:01  SCV  
  13  0:14  SCV  
  13  0:18  Supply Depot  
  14  0:26  SCV  
  15  0:40  SCV  
  15  0:42  Barracks  
  16  0:45  Refinery  
  16  0:52  SCV  
  17  1:04  SCV  
  18  1:16  SCV  
  19  1:30  Reaper  
  19  1:32  Orbital Command  
  20  1:45  Command Center  
  20  1:51  Supply Depot  
  20  1:59  SCV  
  21  2:08  Barracks Reactor  
  21  2:11  SCV  
  22  2:18  Barracks  
  22  2:21  Barracks  
  22  2:25  SCV  
  23  2:39  SCV  
  23  2:44  Refinery  
  24  2:46  Supply Depot  
  24  2:50  Marine x2  
  26  2:51  SCV  
  26  2:57  Orbital Command  
  27  3:03  SCV  
  28  3:08  Marine x2  
  30  3:15  SCV, Marine  
  30  3:16  Barracks Tech Lab  
  32  3:20  Factory  
  32  3:21  Orbital Command  
  32  3:27  SCV  
  33  3:35  Marine  
  33  3:36  Marine x2  
  33  3:37  Supply Depot  
  33  3:40  SCV  
  33  3:41  Stimpack  
  36  3:48  SCV  
  36  3:52  SCV  
  36  3:53  Marine x2  
  40  3:58  Marine  
  40  4:02  Supply Depot, SCV  
  36  4:17  Marine  
  36  4:18  Marine x2  
  36  4:19  Marine  
  33  4:35  Marine x3  
  33  4:37  Marine  
  37  4:39  Starport  
  37  4:40  Factory Reactor  
  37  4:46  SCV  
  37  4:49  SCV  
  39  4:53  Marine x3  
  39  4:54  Marine  
  39  4:56  Supply Depot  
  43  5:00  SCV  
  43  5:01  SCV  
  45  5:11  Marine x3  
  45  5:12  SCV  
  49  5:14  SCV  
  50  5:25  Medivac x2, Command Center  
  54  5:31  SCV x2  
  54  5:32  Factory Reactor  
  56  5:39  Marine x2  
  56  5:41  Supply Depot  
  58  5:43  SCV x2  
  58  5:49  Marauder  
  62  5:55  SCV x2  
  64  6:07  SCV x2  
  64  6:09  Marine  
  64  6:10  Marine x2  
  70  6:16  Engineering Bay  
  70  6:19  Widow Mine x2, Engineering Bay, Barracks Reactor, SCV  
  70  6:22  SCV  
  70  6:24  Refinery  
  75  6:27  Marine  
  75  6:28  Marauder  
  75  6:29  Refinery  
  73  7:07  Terran Infantry Weapons Level 1  
  73  7:08  Terran Infantry Armor Level 1  
  73  7:09  Marine x3  
  73  7:10  Medivac x2, Marauder  
  79  7:19  Marine  
  80  7:25  Widow Mine x2  
  80  7:27  Orbital Command, Marine x3  
  80  7:29  SCV  
  88  7:31  Marauder  
  88  7:34  Armory, Supply Depot  
  88  7:36  Supply Depot  
  90  7:40  Medivac x2  
  94  7:44  Orbital Command  
  94  7:46  Combat Shields  
  94  7:50  Marine  
  94  7:51  Marine x2  
  97  8:13  SCV  
  97  8:16  Barracks  
  97  8:18  Barracks  
  97  8:33  Marine x2  
  97  8:34  Marauder, Marine x2  
  87  8:42  Medivac x2  
  87  8:46  SCV x3  
  94  8:51  Marine x2  
  94  8:52  Supply Depot, Marine x2  
  98  8:56  Marauder  
  98  8:57  Supply Depot  
  98  8:58  SCV  
  101  9:04  Concussive Shells  
  101  9:09  Marine x3  
  103  9:10  Marine  
  98  9:17  SCV, Marauder  
  98  9:18  SCV  
  98  9:19  Widow Mine x2  
  98  9:21  SCV  
  107  9:27  Marine  
  107  9:29  SCV  
  109  9:31  Barracks Tech Lab, Barracks Reactor  
  109  9:35  Medivac x2  
  109  9:36  SCV  
  114  9:38  Marauder  
  114  9:40  SCV  
  114  9:45  Supply Depot  
  117  9:48  Widow Mine  
  117  9:51  Factory  
  121  10:00  Marauder  
  121  10:05  Medivac  
  85  10:14  SCV x2  
  85  10:19  SCV  
  75  10:21  Marauder  
  75  10:26  SCV  
  68  10:39  Marine  
  68  10:40  Marine x2  
  68  10:44  SCV  
  68  10:48  SCV  
  68  10:51  Barracks Reactor, Marine  
  68  10:52  Marine x2  
  68  10:54  Widow Mine  
  72  10:57  Marine x2  
  72  10:58  Medivac x2, Marine  
  72  11:01  SCV  
  80  11:04  SCV  
  80  11:09  Marine  
  80  11:10  Marauder x2  
  86  11:15  Marine x3  
Show
View Real Time Build Order
Export as new Build Order

Worming Zerg - Winner!

Build Orders: Hatch First, Muta Ling Bane 

Get SALT Encoding   

  12  0:01  Drone  
  13  0:12  Overlord  
  13  0:17  Drone  
  14  0:32  Drone x2  
  16  0:37  Drone  
  17  0:52  Hatchery  
  17  0:56  Drone  
  17  0:59  Drone  
  18  1:12  Spawning Pool  
  18  1:15  Drone  
  18  1:18  Extractor  
  17  1:20  Drone  
  18  1:28  Drone  
  19  1:39  Overlord  
  19  1:59  Queen, Zergling x2  
  23  2:01  Zergling x2  
  23  2:04  Queen  
  23  2:05  Drone  
  26  2:11  Drone  
  27  2:26  Metabolic Boost  
  26  2:42  Drone x5  
  31  2:46  Overlord  
  31  2:54  Drone, Overlord  
  32  3:13  Zergling x2  
  32  3:14  Drone x3  
  32  3:17  Zergling x8  
  40  3:31  Roach Warren  
  39  3:35  Hatchery  
  38  3:48  Drone x8  
  46  3:50  Queen  
  48  3:55  Extractor  
  48  3:56  Extractor  
  48  4:01  Overlord  
  48  4:02  Overlord  
  41  4:39  Lair  
  41  4:40  Baneling Nest  
  41  4:45  Queen, Extractor  
  39  4:47  Drone x5  
  39  4:48  Drone x6  
  51  4:54  Overlord x2  
  51  4:55  Zergling x2  
  51  4:56  Zergling x6  
  55  5:03  Evolution Chamber  
  55  5:06  Evolution Chamber, Spine Crawler  
  52  5:11  Drone  
  52  5:12  Drone  
  54  5:15  Zergling x8  
  58  5:25  Drone  
  58  5:26  Drone x2  
  58  5:27  Drone x4  
  65  5:30  Zerg Melee Weapons Level 1  
  65  5:37  Centrifical Hooks  
  65  5:39  Zerg Ground Armor Level 1  
  65  5:41  Overlord  
  65  5:44  Overlord  
  65  5:49  Drone x2  
  67  5:51  Drone  
  67  5:53  Drone x3  
  67  5:56  Extractor  
  67  5:57  Drone x2, Extractor  
  71  6:14  Drone x4  
  71  6:17  Drone x3  
  71  6:18  Drone x3  
  81  6:19  Overlord  
  78  6:42  Zergling x2  
  78  6:43  Zergling x22  
  86  6:47  Spire  
  86  6:49  Spawning Pool  
  86  6:52  Roach  
  86  6:53  Roach  
  70  7:14  Drone x2  
  70  7:15  Drone x2  
  74  7:19  Drone x6  
  80  7:40  Roach  
  80  7:41  Roach x3  
  80  7:42  Overlord x2  
  88  7:51  Hatchery  
  87  7:53  Zergling x6  
  87  7:54  Zerg Melee Weapons Level 2, Zerg Ground Armor Level 2  
  87  7:56  Baneling x13  
  87  7:57  Baneling x3  
  89  8:00  Zerg Flyer Weapons Level 1  
  89  8:17  Baneling x4  
  89  8:18  Baneling x2  
  89  8:20  Zergling x16  
  89  8:21  Zergling x2  
  93  8:34  Overseer x2  
  93  8:35  Pneumatized Carapace  
  93  8:36  Zergling x2  
  93  8:37  Zergling x18  
  103  8:47  Overlord x2  
  103  8:51  Baneling x8  
  103  8:52  Baneling  
  99  9:15  Mutalisk x11  
  118  9:19  Queen x2  
  122  9:25  Zergling x12  
  122  9:26  Zergling x4  
  122  9:27  Baneling x9  
  130  9:41  Spine Crawler, Extractor  
  130  9:43  Extractor  
  130  9:44  Drone x7  
  134  9:47  Baneling x4  
  134  9:48  Baneling x5  
  134  9:53  Ravager  
  134  9:54  Ravager  
  112  10:20  Zergling x28  
  111  10:37  Zergling x2  
  111  10:38  Zergling x10  
  112  10:44  Baneling  
  112  10:45  Baneling, Drone x3  
  112  10:47  Baneling x9  
  112  10:48  Baneling  
  115  10:52  Drone x2  
  117  10:59  Zergling x8  
  121  11:05  Overlord x2  
  121  11:06  Zergling x2  
  122  11:16  Baneling x6  
  122  11:17  Baneling x2, Infestation Pit, Zergling x2  
  122  11:18  Zergling x6  
Tags
 
Add a new tag
Caveats
  • Supply blocks, unpowered buildings, or Contaminate may cause inaccurate times.
  • Supply counts are checked every 10 seconds.